 Dungeon Crawl Stone Soup version 0.27.1-3-gb3d3a73c9e (webtiles) character file.

Game seed: 6770862905884483706

16870 belegose the Agent of Entropy (level 12, 0/93 HPs)
             Began as a Formicid Abyssal Knight on Oct 17, 2021.
             Was a Priest of Lugonu.
             Shot with an arrow by a centaur warrior (25 damage)
             ... on level 13 of the Dungeon on Oct 18, 2021.
             The game lasted 00:51:04 (18349 turns).

belegose the Agent of Entropy (FoAK)               Turns: 18349, Time: 00:51:05

Health: 0/93       AC:  6    Str: 16    XL:     12   Next: 75%
Magic:  19/19      EV: 31    Int: 18    God:    Lugonu [***...]
Gold:   478        SH: 10    Dex: 10    Spells: 11/16 levels left

rFire    . . .     SeeInvis +   z - +4 flail (vorpal)
rCold    . . .     Faith    .   d - +0 kite shield
rNeg     . . .     Spirit   .   Q - +0 troll leather armour
rPois    .         Reflect  .   (helmet unavailable)
rElec    .         Harm     .   (no cloak)
rCorr    .         Rampage  .   (no gloves)
Will     +....                  g - +1 pair of boots
Stlth    +.........             j - amulet of the acrobat
HPRegen  1.25/turn              y - +4 ring of evasion
MPRegen  0.16/turn              G - +4 ring of slaying

@: acrobatic
A: permanent stasis, dig shafts and tunnels, antennae 3, four strong arms
a: Dig, Shaft Self, Renounce Religion, Depart the Abyss, Bend Space, Banish


You were on level 13 of the Dungeon.
You worshipped Lugonu.
Lugonu was most pleased with you.
You visited 2 branches of the dungeon, and saw 13 of its levels.
You visited the Abyss 1 time.

You collected 598 gold pieces.
You spent 120 gold pieces at shops.

Inventory:

Hand Weapons
 z - a +4 vorpal flail (weapon)
 A - a +1 dagger of electrocution
 E - a +4 war axe
 F - a +0 dagger of venom
 L - a +1 hand axe of flaming
Missiles
 c - 261 stones
 h - 2 javelins
 i - 92 sling bullets
 l - 65 bolts
 m - 9 boomerangs
 n - 74 poisoned darts (quivered)
 p - 206 arrows
 K - a curare-tipped dart
Armour
 d - a +0 kite shield (worn)
 g - a +1 pair of boots (worn)
 J - a +0 leather armour of willpower
 Q - a +0 troll leather armour (worn)
Jewellery
 a - a ring of poison resistance
 j - an amulet of the acrobat (around neck)
 y - a +4 ring of evasion (left hand)
 G - a +4 ring of slaying (right hand)
 N - a ring of wizardry
Wands
 x - a wand of flame (32)
 P - a wand of paralysis (3)
Scrolls
 b - 2 scrolls of magic mapping {unknown}
 k - 3 scrolls of brand weapon {unknown}
 o - a scroll of fog {unknown}
 q - 2 scrolls of blinking {unknown}
 s - 2 scrolls of teleportation {unknown}
 B - a scroll of enchant armour {unknown}
 C - 2 scrolls of enchant weapon {unknown}
 O - 3 scrolls of amnesia {unknown}
Potions
 e - 3 potions of curing
 f - 3 potions of brilliance
 r - a potion of cancellation
 u - 3 potions of might
 v - a potion of attraction {unknown}
 w - a potion of mutation {unknown}
 D - a potion of lignification
 H - a potion of ambrosia {unknown}
 M - a potion of invisibility {unknown}
 R - a potion of magic {unknown}


   Skills:
 - Level 8.3 Fighting
 - Level 4.0 Short Blades
 - Level 4.0 Maces & Flails
 - Level 3.8 Polearms
 - Level 4.0 Throwing
 - Level 4.2 Armour
 - Level 5.6 Dodging
 - Level 8.2 Shields
 + Level 2.8 Spellcasting
 + Level 3.5 Hexes
 + Level 2.8 Summonings
 - Level 3.0 Air Magic
 - Level 7.1 Poison Magic
 + Level 10.5 Invocations
 + Level 7.3 Evocations


You had 11 spell levels left.
You knew the following spells:

 Your Spells              Type           Power      Damage    Failure   Level
a - Poisonous Vapours     Pois/Air       40%        N/A       4%          2
b - Summon Guardian Gole  Hex/Summ       13%        N/A       19%         3

Your spell library contained the following spells:

 Spells                   Type           Power      Damage    Failure   Level
 Sting                    Tmut/Pois      60%        1d6       5%          1
 Olgreb's Toxic Radiance  Pois           28%        N/A       12%         4
 Spider Form              Tmut/Pois      7%         N/A       16%         3
 Beastly Appendage        Tmut           4%         N/A       24%         1
 Wereblood                Tmut           2%         N/A       34%         2
 Gell's Gravitas          Tloc           1%         N/A       56%         3
 Teleport Other           Tloc           2%         N/A       56%         3
 Dispersal                Tloc           1%         N/A       100%        6
 Orb of Destruction       Conj           1%         N/A       100%        7
 Spellforged Servitor     Conj/Summ      3%         N/A       100%        7


Dungeon Overview and Level Annotations

Branches:
Dungeon (11/15)            Temple (1/1) D:7            Lair (0/6) D:11
    Orc (0/2) D:11

Altars:
Cheibriados
Elyvilon
Fedhas
Gozag
Hepliaklqana
Kikubaaqudgha
Makhleb
Nemelex Xobeh
Qazlal
Vehumet
Yredelemnul
The Shining One

Shops:
D:5 (   D:6 *

Portals:
Trove: D:11 (show slimy rune of Zot)

Annotations:
D:6 3 runed translucent doors, exclusion: 3 doors, fortune76's ghost, novice DjWz
D:13 Kirke


Innate Abilities, Weirdness & Mutations

You cannot be hasted, slowed, berserked, paralysed or teleported.
You can dig through walls and to a lower floor.
You have a pair of large antennae on your head. (SInv)
Your four strong arms can wield two-handed weapons with a shield.


Message History

The deep elf pyromancer mumbles some strange words.
The deep elf pyromancer blinks!
A vampire mosquito comes into view.
Two slime creatures merge to form a large slime creature.
The centaur shoots an arrow.
The arrow hits you.
* * * LOW HITPOINT WARNING * * *
The centaur shoots an arrow.
The arrow misses you.
The slime creature completely misses you.
A vampire mosquito comes into view.
The slime creature hits you!
* * * LOW HITPOINT WARNING * * *
Two slime creatures merge to form a large slime creature.
The vampire mosquito buzzes angrily.
You hear an angry squeal.
Two slime creatures merge to form a large slime creature.
The deep elf pyromancer casts a spell.
A large slime creature splits.
The centaur warrior shoots an arrow.
You block the arrow.
Two slime creatures merge to form a large slime creature.
A large slime creature splits.
The centaur shoots an arrow.
The arrow misses you.
Two slime creatures merge to form a large slime creature. x2
The centaur shoots an arrow.
The arrow completely misses you.
The centaur shoots an arrow.
The arrow completely misses you.
Found a curved copper wand.
You block the vampire mosquito's attack.
Two slime creatures merge to form a large slime creature.
Found 9 gold pieces.
The centaur shoots an arrow.
You block the arrow.
The centaur shoots an arrow.
The arrow completely misses you.
A large slime creature merges with something you can't see.
The centaur warrior shoots an arrow.
You block the arrow.
A large slime creature splits.
Two slime creatures merge to form a very large slime creature.
The centaur warrior shoots an arrow.
The arrow barely misses you.
Two slime creatures merge to form a very large slime creature.
Found a kite shield.
The vampire mosquito completely misses you. x2
The vampire mosquito completely misses you.
Found a stone staircase leading down.
The centaur warrior shoots an arrow.
The arrow hits you!!
You die...

### .. .## ## .. ....[.
...###. ....... .......
.......# .....##
##.......
##...###......##.
#...@yy..........
##..#..y.........
#.####.c......./ ...
###.........
....###.##cW...$..
#..........{{J##......J.
##.>.......{{..##.......
#.....##.{.{..# .......
....{cJ.#..# #......


You could see a slime creature, 2 centaur warriors, a wraith and 3 vampire
mosquitoes.

Vanquished Creatures
  A hydra (D:9)
  2 boulder beetles (D:11)
  A centaur warrior (D:11)
  2 skeletal warriors
  2 manticores (D:11)
  Joseph (D:8)
  3 kobold demonologists (D:10)
  4 trolls
  A hornet (shapeshifter) (D:11)
  2 dream sheep (D:9)
  A shadow (D:10)
  3 wyverns
  Eustachio (D:5)
  12 yaks
  A steam dragon (D:9)
  Edmund (D:5)
  5 orc warriors
  2 black bears
  A sky beast (D:6)
  2 ogres (D:6)
  3 necrophages
  2 centaurs
  A phantom (D:6)
  7 kobold brigands
  A scorpion (D:5)
  2 wyvern zombies
  2 bullfrogs
  A water moccasin skeleton (D:4)
  17 killer bees
  4 wights
  4 howler monkeys (D:8)
  3 centaur zombies
  2 hounds
  2 orc priests (D:3)
  A gnoll shaman (D:7)
  3 jellies
  2 bullfrog skeletons
  4 iguanas
  8 orc wizards
  A killer bee zombie (D:8)
  A mummy (D:4)
  A howler monkey zombie (D:5)
  9 gnolls
  10 adders
  A white imp (D:7)
  An ufetubus (D:4)
  2 worms
  2 dart slugs
  22 orcs
  3 ball pythons
  4 bats
  4 endoplasms
  4 giant cockroaches
  9 goblins
  6 hobgoblins
  2 jackals (D:4)
  18 kobolds
  2 frilled lizards (D:3)
  A hobgoblin zombie (D:4)
  2 kobold zombies (D:4)
  An orc zombie (D:4)
  4 rats
227 creatures vanquished.

Vanquished Creatures (others)
  2 fungi (D:11)
  6 plants (D:9)
8 creatures vanquished.

Grand Total: 235 creatures vanquished

Notes
Turn   | Place    | Note
-------+----------+-------------------------------------------
     0 | Abyss:1  | belegose the Formicid Abyssal Knight began the quest for
                  | the Orb.
     0 | Abyss:1  | Reached XP level 1. HP: 18/18 MP: 2/2
    57 | D:1      | Escaped the Abyss
   428 | D:1      | You fall into a shaft and drop 1 floor!
   479 | D:1      | Reached XP level 2. HP: 21/24 MP: 3/3
   516 | D:1      | You fall into a shaft and drop 1 floor!
   658 | D:1      | Reached skill level 1 in Shields
  1006 | D:2      | Reached * piety under Lugonu
  1007 | D:2      | Reached XP level 3. HP: 19/29 MP: 4/4
  1428 | D:2      | Found a faded altar of an unknown god.
  1858 | D:2      | Reached XP level 4. HP: 33/37 MP: 6/6
  2165 | D:3      | Noticed an ogre
  2315 | D:3      | Found a basalt altar of Yredelemnul.
  2371 | D:3      | HP: 1/37 [worm (7)]
  2705 | D:2      | Reached skill level 3 in Invocations
  2843 | D:3      | Reached XP level 5. HP: 19/42 MP: 7/7
  3995 | D:4      | Found a radiant altar of Vehumet.
  4010 | D:4      | Found a sparkling altar of Nemelex Xobeh.
  4092 | D:4      | Reached XP level 6. HP: 24/48 MP: 8/8
  5024 | D:4      | Reached ** piety under Lugonu
  5364 | D:5      | Entered Level 5 of the Dungeon
  5676 | D:5      | Reached skill level 4 in Invocations
  5901 | D:5      | Reached XP level 7. HP: 46/55 MP: 10/10
  6121 | D:5      | Found Axemmud's Weapon Emporium.
  6195 | D:5      | Noticed Edmund
  6230 | D:5      | Killed Edmund
  6469 | D:5      | Bought a +1 dagger of electrocution for 120 gold pieces
  6490 | D:5      | Noticed Eustachio
  6570 | D:5      | Killed Eustachio
  6571 | D:5      | Reached XP level 8. HP: 58/61 MP: 11/11
  7198 | D:6      | Reached skill level 1 in Throwing
  7299 | D:6      | Found Rumaqehai's Gadget Gallery.
  7505 | D:6      | Reached skill level 1 in Maces & Flails
  7688 | D:6      | Found a runed translucent gate.
  7688 | D:6      | Found a runed translucent gate.
  7688 | D:6      | Found a runed translucent gate.
  7689 | D:6      | Found an opulent altar of Gozag.
  7691 | D:6      | Noticed fortune76's ghost (novice DjWz)
  7692 | D:6      | Noticed a two-headed ogre
  7886 | D:6      | Found a burning altar of Makhleb.
  7952 | D:6      | Reached XP level 9. HP: 59/67 MP: 12/12
  8499 | D:6      | Found a hazy altar of Hepliaklqana.
  8647 | D:7      | Reached skill level 5 in Fighting
  8761 | D:7      | Reached skill level 1 in Evocations
  8792 | D:7      | Reached skill level 5 in Invocations
  8939 | D:7      | Found a staircase to the Ecumenical Temple.
  8954 | Temple   | Entered the Ecumenical Temple
  9340 | Temple   | Reached skill level 5 in Shields
  9737 | D:7      | Found a blossoming altar of Fedhas.
  9923 | D:8      | Noticed Joseph
 10088 | D:8      | Reached skill level 6 in Invocations
 10382 | D:8      | Reached XP level 10. HP: 70/77 MP: 14/14
 10441 | D:8      | Reached *** piety under Lugonu
 11036 | D:8      | Reached skill level 7 in Invocations
 11273 | D:8      | Killed Joseph
 11274 | D:8      | Reached skill level 5 in Evocations
 12340 | D:9      | Identified the +0 pair of boots of the Realm of Zot {Harm
                  | rC+ Str+2 Dex+3}
 12786 | D:9      | Reached skill level 8 in Invocations
 13064 | D:9      | Reached skill level 1 in Dodging
 13193 | D:9      | Reached XP level 11. HP: 71/86 MP: 17/17
 13287 | D:9      | Noticed a three-headed hydra
 13304 | D:9      | Killed a one-headed hydra
 13691 | D:10     | Entered Level 10 of the Dungeon
 13793 | D:10     | Learned a level 2 spell: Poisonous Vapours
 13802 | D:10     | Reached skill level 1 in Poison Magic
 14140 | D:9      | Reached skill level 1 in Air Magic
 15603 | D:11     | Noticed a manticore
 15603 | D:11     | Found a portal to a secret trove of treasure.
 15629 | D:11     | Noticed a skeletal warrior
 15644 | D:10     | Banished a skeletal warrior
 15857 | D:11     | Killed a manticore
 16128 | D:11     | Noticed a skeletal warrior
 16134 | D:11     | Banished a skeletal warrior
 16135 | D:11     | Reached skill level 5 in Poison Magic
 16167 | D:11     | Noticed a skeletal warrior
 16202 | D:11     | Noticed a two-headed ogre
 16206 | D:11     | Banished a two-headed ogre
 16207 | D:11     | Reached skill level 9 in Invocations
 16364 | D:10     | Noticed a sixfirhy
 16654 | D:10     | Reached skill level 5 in Dodging
 16828 | D:10     | Reached XP level 12. HP: 32/93 MP: 13/19
 16974 | D:11     | Found a staircase to the Orcish Mines.
 17052 | D:10     | Noticed a sixfirhy
 17463 | D:11     | Found a staircase to the Lair.
 17582 | D:11     | Learned a level 3 spell: Summon Guardian Golem
 17600 | D:11     | Noticed a two-headed ogre
 17643 | D:11     | Noticed a centaur warrior
 17655 | D:11     | Killed a centaur warrior
 17656 | D:11     | Reached skill level 1 in Spellcasting
 17656 | D:11     | Reached skill level 1 in Hexes
 17656 | D:11     | Reached skill level 1 in Summonings
 17656 | D:11     | Reached skill level 10 in Invocations
 17754 | D:11     | Noticed a boulder beetle
 17770 | D:11     | Killed a boulder beetle
 17850 | D:11     | Noticed a skeletal warrior
 17958 | D:10     | Killed a skeletal warrior
 18055 | D:11     | Killed a skeletal warrior
 18102 | D:11     | Noticed a boulder beetle
 18135 | D:11     | Killed a boulder beetle
 18290 | D:11     | You fall into a shaft and drop 2 floors!
 18293 | D:13     | Noticed a centaur warrior
 18329 | D:13     | Noticed a centaur warrior
 18330 | D:13     | Noticed Kirke
 18333 | D:13     | HP: 2/93 [deep elf pyromancer/bolt of fire (14)]
 18349 | D:13     | Shot with an arrow by a centaur warrior

Illustrated notes

Levels and vault maps discovered:
D:1:      dpeg_arrival_radiant, layout_rooms, minivault_19
D:2:      layout_basic, hellmonk_ecumenical_altar_blasted, kennysheep_nub,
          hangedman_feature_mirror
D:3:      layout_basic, yredelemnul_altar_generic
D:4:      layout_basic, mainiacjoe_overflow_large_starburst, minmay_mini_ossuary
D:5:      layout_cave_pods, serial_shops, shop, grunt_decor_clamped,
          uniq_edmund, uniq_eustachio
D:6:      layout_gridville, makhleb_heckhound_becter,
          nzn_hepliaklqana_mist_gate, ebering_ghost_gozag, nicolae_shop_gadgets
D:7:      layout_basic, mainiacjoe_overflow_chevrons,
          minmay_temple_entry_statues_pillars
D:8:      layout_basic, minmay_fountain_box, kennysheep_generic_room_2,
          uniq_joseph
D:9:      layout_basic, hangedman_ranch
D:10:     layout_gridville
D:11:     layout_cave_pools, david_lair_generic, david_orc_3,
          nicolae_trove_entry_crossroad, minmay_pinched_square
D:13:     layout_cave_pools, uniq_kirke, uniq_azrael
Temple:   nicolae_temple_elliptical

Skill      XL: |  1  2  3  4  5  6  7  8  9 10 11 12 |
---------------+-------------------------------------+-----
Shields        | 1 2 3 5 7 8 |  8.2
Invocations    | 3 4 6 8 9 10 | 10.5
Fighting       | 4 6 8 |  8.3
Armour         | 3 4 |  4.2
Polearms       | 3 |  3.8
Short Blades   | 2 4 |  4.0
Throwing       | 4 |  4.0
Maces & Flails | 3 4 |  4.0
Evocations     | 3 6 7 |  7.3
Dodging        | 1 5 |  5.6
Poison Magic   | 6 7 |  7.1
Air Magic      | 3 |  3.0
Spellcasting   | 2 |  2.8
Hexes          | 3 |  3.5
Summonings     | 2 |  2.8

Action                   |  1- 3 |  4- 6 |  7- 9 | 10-12 || total
-------------------------+-------+-------+-------+-------++-------
Melee: Spear             |   113 |   315 |       |       ||   428
       Dagger            |       |       |    47 |   128 ||   175
       Flail             |       |       |   189 |   315 ||   504
       Hand axe          |       |       |       |     6 ||     6
Throw: Dart              |       |    34 |    64 |    54 ||   152
       Stone             |       |     3 |       |     1 ||     4
       Boomerang         |       |     8 |    17 |     3 ||    28
       Javelin           |       |       |       |     7 ||     7
       Throwing net      |       |       |       |     1 ||     1
 Cast: Poisonous Vapours |       |       |       |    21 ||    21
Invok: Depart the Abyss  |     1 |       |       |       ||     1
       Banish            |       |       |       |     8 ||     8
       Bend Space        |       |       |       |     1 ||     1
Evoke: Wand              |       |       |     5 |     4 ||     9
  Use: Scroll            |       |     3 |     2 |     3 ||     8
       Potion            |       |       |     1 |     2 ||     3
 Stab: Paralysed         |       |       |       |    15 ||    15
Armor: Leather armour    |    11 |       |       |       ||    11
       Ring mail         |    25 |    23 |       |       ||    48
       Scale mail        |       |    80 |    71 |    26 ||   177
       Steam dragon scal |       |       |       |    37 ||    37
       Troll leather arm |       |       |       |    27 ||    27
Dodge: Dodged            |    28 |    86 |   195 |   357 ||   666
Block: Kite shield       |    26 |   125 |   156 |   284 ||   591
